 Dungeon Crawl Stone Soup version 0.18-a0-1507-g69458e0 (webtiles) character file.

14 GrosslyIncandescent the Insei (level 2, -18/24 HPs)
             Began as a Mummy Monk on Mar 5, 2016.
             Killed from afar by a deep elf mage (29 damage)
             ... with a bolt of magma
             ... on level 1 of the Dungeon.
             The game lasted 00:01:06 (5225 turns).

GrosslyIncandescent the Insei (Mummy Monk)          Turns: 5225, Time: 00:01:06

Health: -18/24     AC:  2    Str: 14    XL:     2   Next: 27%
Magic:  2/2        EV: 13    Int:  9    God:
Gold:   0          SH:  0    Dex: 14    Spells: 0 memorised, 1 level left

rFire  x . .     SeeInvis .       - Unarmed
rCold  + . .     Gourm    .     a - +0 robe
rNeg   + + +     Faith    .     (no shield)
rPois  ∞         Spirit   .     (no helmet)
rElec  .         Dismiss  .     (no cloak)
rCorr  .         Reflect  .     (no gloves)
SustAt .         Harm     .     (no boots)
MR     .....                    (no amulet)
Stlth  ++........               (no ring)
                                (no ring)

@: not resistant to hostile enchantments, unstealthy
A: no food or potions, fire vulnerability, cold resistance 1, negative energy
resistance 3, torment resistance, unbreathing
a: no special abilities


You were on level 1 of the Dungeon.
You were not hungry.

You visited 1 branch of the dungeon, and saw 1 of its levels.


Innate Abilities, Weirdness & Mutations

You do not eat or drink.
Your flesh is vulnerable to fire.
You are immune to poison.
Your flesh is cold resistant.
You are immune to negative energy.
You are immune to unholy pain and torment.
You can survive without breathing.


   Skills:
 - Level 3.0 Fighting
 - Level 2.4 Dodging
 - Level 1.5 Stealth
 + Level 3.8 Unarmed Combat


You had one spell level left.
You didn't know any spells.

Inventory:

Armour
 a - a +0 robe (worn)
Jewellery
 b - a +5 ring of protection {unknown}
Scrolls
 c - a scroll of enchant weapon {unknown}
 d - a scroll of enchant armour {unknown}

Dungeon Overview and Level Annotations

Branches:
Dungeon (1/15)

Altars:

▒.....▒.....▒
▒..⌠..▒..▒▒.▒
▒.....▒..▒▒.▒
▒..⌠..▒..▒▒.▒
▒...e.▒▒▒▒▒†▒
▒▒ ▒▒▒▒'▒▒
▒.▒▒▒▒▒.
▒▒▒▒▒▒...▒
▒.......
▒..E▒▒...▒
▒▒▒▒▒▒▒.
▒.<)MeE>.▒ ▒.
▒...▒▒E..▒ ▒.
▒▒▒▒▒▒▒
▒▒▒▒▒▒...▒ ▒.
▒....)▒ ▒...▒
▒. ▒.....▒
▒▒.▒▒ ▒.
▒.....▒ ▒..▒
▒. ▒.....▒
▒.▒▒ ▒)
▒.....▒ ▒.▒
▒. ▒.....▒
▒.▒ ▒.


You could see 3 earth elementals and a deep elf mage.


Message History

There is a large open door here!
You see here a dagger!
You close the large door!
You start resting!
A deep elf mage opens the door!
It is wielding a short sword!
You close the large door!
A deep elf mage opens the large door!
Unknown command!
There is a large open door here!
You pulverise the deep elf mage but do no damage!
The deep elf mage mumbles some strange words!
You closely miss the deep elf mage!
The deep elf mage hits you with a short sword! * * * don't die
* * * You barely miss the deep elf mage!
The deep elf mage mumbles some strange words!
You beat the deep elf mage into a bloody pulp!
The deep elf mage is lightly wounded!
You squash the deep elf mage like an ant!
The deep elf mage is lightly wounded!
The deep elf mage closely misses you!
The earth elemental completely misses you!
You beat the deep elf mage into a bloody pulp!
The deep elf mage is lightly wounded!
The deep elf mage closely misses you!
You pulverise the deep elf mage!
The deep elf mage is lightly wounded!
The deep elf mage points at you and mumbles some strange words!
The bolt of magma hits you!!! The lava burns you terribly!!!
DANG rip

Action                   || total
-------------------------++-------
Melee: Unarmed           ||    53
 Stab: Sleeping          ||     1

Vault maps used:
D:1:      dpeg_arrival_simpleton_b, minivault_23

Notes
Turn   | Place    | Note
--------------------------------------------------------------
     0 | D:1      | GrosslyIncandescent the Mummy Monk began the quest for the Orb.
     0 | D:1      | Reached XP level 1. HP: 18/18 MP: 1/1
  4996 | D:1      | Reached XP level 2. HP: 17/24 MP: 2/2
  5210 | D:1      | Noticed a deep elf mage
  5220 | D:1      | Noticed an earth elemental
  5222 | D:1      | Noticed an earth elemental
  5222 | D:1      | Noticed an earth elemental
  5225 | D:1      | Killed from afar by a deep elf mage

Vanquished Creatures
  A giant gecko (D:1)
  A bat (D:1)
  2 goblins (D:1)
  3 hobgoblins (D:1)
  2 giant newts (D:1)
  A kobold (D:1)
  2 rats (D:1)
12 creatures vanquished.
